 Dungeon Crawl Stone Soup version 0.30-a0-390-g80c34de65d (webtiles) character file.

Game seed: 14700832047239270830

172 Bnni the Shield-Bearer (level 5, -2/63 HPs)
             Began as a Formicid Fighter on Dec 3, 2022.
             Slain by Heedrag's ghost (9 damage)
             ... on level 3 of the Dungeon on Dec 4, 2022.
             The game lasted 00:04:06 (2620 turns).

Bnni the Shield-Bearer (Formicid Fighter)           Turns: 2620, Time: 00:04:06

Health: -2/63      AC: 22    Str: 23    XL:     5   Next: 83%
Magic:  5/5        EV:  2    Int:  7    God:
Gold:   134        SH:  5    Dex: 13    Spells: 4/4 levels left

rFire   + . .      SeeInvis .    a - +0 trident
rCold   + . .      Faith    .    c - +0 buckler
rNeg    . . .      Spirit   .    (body armour currently unavailable)
rPois   +          Reflect  .    (helmet unavailable)
rElec   +          Harm     .    (cloak currently unavailable)
rCorr   +          Rampage  .    (gloves currently unavailable)
Will    .....                    (boots currently unavailable)
Stlth   +.........               (no amulet)
HPRegen 0.30/turn                (no ring)
MPRegen 0.09/turn                (no ring)

@: mighty, tree-form, resistant, attractive
A: stationary, stasis, torment immunity, boosted hp, permanent stasis, dig
shafts and tunnels, (antennae 3), four strong arms
a: no special abilities


You were on level 3 of the Dungeon.
You were a tree.
You visited 1 branch of the dungeon, and saw 3 of its levels.

You collected 134 gold pieces.

Inventory:

Hand Weapons
 a - a +0 trident (weapon)
Missiles
 u - 6 poisoned darts
Armour
 b - a +0 scale mail (melded)
 c - a +0 buckler (worn)
 j - a +0 pair of boots (melded)
 s - a +0 cloak (melded)
 t - a +0 kite shield
Wands
 w - a wand of iceblast (11)
Scrolls
 g - 2 scrolls of noise {unknown}
 i - 3 scrolls of identify {unknown}
 l - 2 scrolls of teleportation {unknown}
 n - a scroll of fear {unknown}
 o - a scroll of poison {unknown}
 q - a scroll of vulnerability {unknown}
 v - a scroll of blinking {unknown}
Potions
 d - a potion of might
 m - a potion of lignification
 p - a potion of heal wounds {unknown}
 r - a potion of brilliance {unknown}


   Skills:
 + Level 4.3 Fighting
 * Level 4.0 Polearms
 - Level 3.2 Armour
 * Level 5.4 Shields


You had 4 spell levels left.
You didn't know any spells.
Your spell library contained the following spells:

 Spells                   Type           Power      Damage    Failure   Level
 Sandblast                Erth           0%         2d4       50%         1
 Passwall                 Tmut/Erth      0%         N/A       63%         2
 Sublimation of Blood     Necr           0%         N/A       63%         2
 Wereblood                Tmut           0%         N/A       63%         2
 Spider Form              Tmut/Pois      0%         N/A       86%         3
 Stone Arrow              Conj/Erth      0%         3d7       86%         3
 Teleport Other           Tloc           0%         N/A       86%         3
 Eringya's Noxious Bog    Tmut/Pois      0%         N/A       100%        6
 Summon Hydra             Summ           0%         N/A       100%        7


Dungeon Overview and Level Annotations

Branches:
Dungeon (3/15)

Altars:
Vehumet
Wu Jian

Shops:
D:3 *

Annotations:
D:3 Heedrag's ghost, amateur MiFi


Innate Abilities, Weirdness & Mutations

You are a tree.
Your roots penetrate the ground, keeping you stationary.
You cannot be teleported.
You are immune to unholy pain and torment.
Your maximum health is greatly increased.
Your equipment is partially melded.
You cannot be hasted, slowed, berserked, paralysed or teleported.
You can dig through walls and to a lower floor.
((You have a pair of large antennae on your head. (SInv)))
Your four strong arms can wield two-handed weapons with a shield.


Message History

Heedrag's ghost is moderately damaged.
Heedrag's ghost hits you but does no damage.
You closely miss Heedrag's ghost.
Heedrag's ghost is moderately damaged.
Heedrag's ghost screams, "They lied to you.
The Dungeon just goes down and down forever."
Heedrag's ghost hits you but does no damage.
You barely miss Heedrag's ghost.
Heedrag's ghost is moderately damaged.
Heedrag's ghost hits you but does no damage.
You hit Heedrag's ghost but do no damage.
Heedrag's ghost is moderately damaged.
Heedrag's ghost hits you but does no damage.
You hit Heedrag's ghost but do no damage.
Heedrag's ghost is moderately damaged.
Heedrag's ghost hits you but does no damage. x2
You closely miss Heedrag's ghost.
Heedrag's ghost is moderately damaged.
Heedrag's ghost hits you but does no damage.
You completely miss Heedrag's ghost.
Heedrag's ghost is moderately damaged.
Heedrag's ghost hits you!
* * * LOW HITPOINT WARNING * * *
You closely miss Heedrag's ghost.
Heedrag's ghost is moderately damaged.
Heedrag's ghost hits you but does no damage.
You puncture Heedrag's ghost!
Heedrag's ghost is heavily damaged.
Heedrag's ghost hits you!
* * * LOW HITPOINT WARNING * * *
It was a potion of magic.
Magic courses through your body. You block Heedrag's ghost's attack.
It was a potion of curing.
You feel better. Heedrag's ghost hits you.
* * * LOW HITPOINT WARNING * * *
It was a potion of attraction.
You feel attractive to monsters.
Heedrag's ghost hits you but does no damage.
It was a potion of resistance.
You feel protected. Heedrag's ghost hits you!
You die...

).###......#'##.#.#.....#
###......###.##...'.###..#
#......###...##...'.....?#
.....###....###.#.'.###.)#
...###....#..#..#K#.....#
.###...##.##.#.KKK##.♣.##
##...#..#.)#.###KK.### #
############## #W### ...#
#♣# ..######### #.#
..∩.......# #.#
#########.######.# #
#.)......# # #.######## #
#.# ## #.# .## #.#


You could see a kobold brigand, Heedrag's ghost and 5 kobolds.

Vanquished Creatures
  An orc priest (D:3)
  Robin (D:2)
  3 adders
  A worm (D:2)
  A dart slug (D:3)
  4 orcs (D:3)
  9 bats
  9 endoplasms
  2 giant cockroaches
  16 goblins
  11 hobgoblins
  7 jackals
  8 kobolds
  4 quokkas
  4 ball pythons
  3 frilled lizards
  4 rats
88 creatures vanquished.

Vanquished Creatures (others)
  A fungus (D:3)
  3 plants (D:3)
4 creatures vanquished.

Grand Total: 92 creatures vanquished

Notes
Turn   | Place    | Note
-------+----------+-------------------------------------------
     0 | D:1      | Bnni the Formicid Fighter began the quest for the Orb.
     0 | D:1      | Reached XP level 1. HP: 18/18 MP: 1/1
   274 | D:1      | Reached XP level 2. HP: 23/24 MP: 2/2
   328 | D:1      | Found a faded altar of an unknown god.
   537 | D:1      | Reached XP level 3. HP: 29/29 MP: 3/3
   689 | D:1      | Got the Secrets of Hyperbolic Reformation
   993 | D:2      | Noticed Robin
  1004 | D:2      | Killed Robin
  1005 | D:2      | Reached skill level 5 in Shields
  1005 | D:2      | Reached XP level 4. HP: 16/37 MP: 4/4
  1385 | D:2      | Found an ornate altar of the Wu Jian Council.
  1601 | D:3      | Found a runed translucent gate.
  1603 | D:3      | Found a runed translucent gate.
  1604 | D:3      | Found a runed translucent gate.
  1604 | D:3      | Noticed Heedrag's ghost (amateur MiFi)
  1605 | D:3      | Noticed a kobold brigand
  1639 | D:3      | Found Vicwack's Assorted Antiques.
  1666 | D:3      | Found a radiant altar of Vehumet.
  1680 | D:3      | Reached XP level 5. HP: 29/42 MP: 5/5
  2616 | D:3      | HP: 2/63 [Heedrag's ghost (10)]
  2620 | D:3      | Slain by Heedrag's ghost

Illustrated notes

Levels and vault maps discovered:
D:1:      lightli_arrival_chessboard, layout_loops_corners,
          hellmonk_ecumenical_altar_lost_god, minmay_misc_feat_rows
D:2:      layout_basic, basic_altar, minivault_26,
          amcnicky_mini_corridor_feature, uniq_robin
D:3:      minmay_razor_zed, layout_loops_ring,
          mainiacjoe_overflow_concentric_impassable,
          gammafunk_ghost_nasty_kobolds, serial_shops, shop

Skill      XL: |  1  2  3  4  5 |
---------------+----------------+-----
Polearms       | 3 4 |  4.0
Shields        | 5 |  5.4
Fighting       | 4 |  4.3
Armour         | |  3.2

Action                   |  1- 3 |  4- 6 || total
-------------------------+-------+-------++-------
Melee: Trident           |   106 |   191 ||   297
  Use: Potion            |       |     6 ||     6
Armor: Scale mail        |    56 |    63 ||   119
       Skin              |       |    13 ||    13
Dodge: Dodged            |    54 |    65 ||   119
Block: Buckler           |    25 |    39 ||    64

Table legend: (Time is in decaauts)
 A = Elapsed time spent in this place.
 B = Non-inter-level travel time spent in this place.
 C = Inter-level travel time spent in this place.
 D = Time resting spent in this place.
 E = Time spent auto-exploring this place.
 F = Levels seen in this place.
 G = Mean time per level.
                   A        B        C        D        E       F      G
               +--------+--------+--------+--------+--------+-----+--------+
         Total |   2669 |   2611 |     58 |      0 |   2010 |   3 |  889.7 |
       Dungeon |   2669 |   2611 |     58 |      0 |   2010 |   3 |  889.7 |
               +--------+--------+--------+--------+--------+-----+--------+

Top non-repeatable levels by time:
     D:3: 1034 daAuts
     D:1: 965 daAuts
     D:2: 669 daAuts
